[Event "*** Titled Tuesday 3|2 Blitz"]
[Site "Chess.com"]
[Date "2016.08.02"]
[Round "4"]
[White "ecwinslow"]
[Black "Oleksandr_Bortnyk"]
[Result "0-1"]
[WhiteElo "1999"]
[BlackElo "2527"]
[TimeControl "180+2"]
[EndTime "11:49:08 PDT"]
[Termination "Oleksandr_Bortnyk won by resignation"]

1. d4 a6 2. e4 b5 3. Bd3 Bb7 4. Nf3 e6 5. Nbd2 c5 6. c3 Nf6 7. a3 Nc6 8. Qe2 Qb6 9. dxc5 Bxc5 10. b4 Be7 11. Bb2 d5 12. O-O Rd8 13. Rad1 Nh5 14. g3 Nf6 15. exd5 Rxd5 16. c4 Rh5 17. c5 Qc7 18.
Ne4 O-O 19. Nxf6+ gxf6 20. Nd4 Re5 21. Qg4+ Rg5 22. Qh4 f5 23. Rfe1 Rg4 24. Nxf5 exf5 25.
Qh5 Nd4 26. Bxf5 Nf3+ 27. Kf1 Rg6 28. Re4 Ng5 29. Rg4 Qc6 30. Bxg6 fxg6 31. Rxg5 Qg2+ 32. Ke2 Qxf2+ 33. Kd3 Rf3+ 0-1

[Event "*** Titled Tuesday 3|2 Blitz"]
[Site "Chess.com"]
[Date "2016.08.02"]
[Round "4"]
[White "RamonManon0g"]
[Black "wonderfultime"]
[Result "0-1"]
[WhiteElo "2228"]
[BlackElo "2617"]
[TimeControl "180+2"]
[EndTime "11:49:31 PDT"]
[Termination "wonderfultime won by resignation"]

1. d4 d5 2. c4 c6 3. Nf3 Nf6 4.
Nc3 dxc4 5. a4 Bf5 6. e3 e6 7. Bxc4 Bb4 8. O-O O-O 9. Qe2 Nbd7 10. e4 Bg6 11. Bg5 Bxc3 12. bxc3 Bxe4 13. Ne5 Bg6 14.
Nxd7 Qxd7 15. Bxf6 gxf6 16. h4 Kh8 17. Qf3 Qe7 18.
Rfe1 Rae8 19. a5 Rg8 20. a6 b5 21. Bb3 Bf5 22. Qxc6 Rc8 23. Qb7 Rc7 24. Qxb5 Bh3 25. Bd5 Qd6 26. Bf3 Rxc3 27. Re3 Rxe3 28. fxe3 Qg3 29.
Qe2 Bg4 30. Kf1 Qxh4 31. Qf2 Qh1+ 32. Qg1 Qxg1+ 33. Kxg1 Bxf3 34. Ra2 Be4 35. Rb2 f5 36.
Kf1 Rc8 37. Kf2 Rc2+ 38. Rxc2 Bxc2 0-1

[Event "*** Titled Tuesday 3|2 Blitz"]
[Site "Chess.com"]
[Date "2016.08.02"]
[Round "4"]
[White "DrHolmes13"]
[Black "psv98"]
[Result "0-1"]
[WhiteElo "2399"]
[BlackElo "2603"]
[TimeControl "180+2"]
[EndTime "11:49:34 PDT"]
[Termination "psv98 won by resignation"]

1. Nf3 Nf6 2. c4 g6 3. Nc3 d6 4. d4 Bf5 5. Nh4 Bd7 6. Nf3 Bg7 7. e4 O-O 8. Be2 Nc6 9. d5 Nb4 10. a3 Na6 11. b4 Nxe4 12. Nxe4 Bxa1 13. Bh6 Bg7 14. Bxg7 Kxg7 15. Qd4+ f6 16. O-O c6 17. dxc6 bxc6 18. Rd1 Nc7 19. h4 Bg4 20. Nc3 Be6 21. Qe4 d5 22. Qe3 Bf7 23. Nd4 Qd7 24. Qg3 e5 25. Bg4 Qe8 26. Nf3 Rd8 27. c5 Ne6 28.
Nxe5 fxe5 29. Qxe5+ Kg8 30. h5 Ng7 31. Qc7 gxh5 32.
Bf3 Bg6 33. Qxa7 Nf5 34. Qc7 Nh4 35. Bxd5+ cxd5 36. Nxd5 Rxd5 37. Rxd5 Qe1+ 38. Kh2 Qxf2 39. Qg3 Nf3+ 40. Kh3 Qf1 41. Rxh5 Qh1+ 0-1

[Event "*** Titled Tuesday 3|2 Blitz"]
[Site "Chess.com"]
[Date "2016.08.02"]
[Round "4"]
[White "MateusViageiro"]
[Black "shivakaka"]
[Result "1-0"]
[WhiteElo "2279"]
[BlackElo "2105"]
[TimeControl "180+2"]
[EndTime "11:49:43 PDT"]
[Termination "MateusViageiro won on time"]

1. Nf3 g6 2. d4 Bg7 3. e3 d5 4. c4 Nf6 5. Nc3 O-O 6. Bd3 c6 7. O-O Nbd7 8. Re1 dxc4 9. Bxc4 b5 10. Be2 Bb7 11. a4 a6 12. b3 b4 13. Na2 a5 14.
Bb2 Ne4 15. Rc1 c5 16. Ba1 Rc8 17. Bb5 cxd4 18. Nxd4 Rxc1 19. Qxc1 Ndf6 20. Rd1 Qb6 21. h3 Rc8 22. Qb1 Nc3 23. Nxc3 bxc3 24. Bd3 Nd5 25.
Bc4 e6 26. Nb5 Nb4 27. Nxc3 Rxc4 28. bxc4 Qc6 29. e4 Qxc4 30. Rd8+ Bf8 31. Nb5 Bxe4 32.
Qb2 e5 33. Qxe5 1-0

[Event "*** Titled Tuesday 3|2 Blitz"]
[Site "Chess.com"]
[Date "2016.08.02"]
[Round "4"]
[White "Bab3s"]
[Black "MyleneFarmer"]
[Result "0-1"]
[WhiteElo "2178"]
[BlackElo "2361"]
[TimeControl "180+2"]
[EndTime "11:49:46 PDT"]
[Termination "MyleneFarmer won by resignation"]

1. e4 c5 2. c3 Nf6 3. e5 Nd5 4. d4 cxd4 5. Nf3 d6 6. cxd4 Nc6 7. Bc4 Nb6 8. Bd3 Bg4 9. h3 Bxf3 10. Qxf3 dxe5 11. dxe5 Nxe5 12. Bb5+ Nbd7 13. Qxb7 Rb8 14.
Bxd7+ Nxd7 15. Qxa7 e5 16. O-O Bc5 17. Qa4 O-O 18.
Rd1 Rb7 19. Nc3 Bd4 20. Rxd4 exd4 21. Qxd4 Qb6 22. Qxb6 Nxb6 23. b3 Rc8 24. Bb2 Nc4 25. Na4 Nxb2 26. Nxb2 Rc2 27. Nc4 g6 28. Ne3 Rd2 29.
Kf1 Ra7 30. a4 Rb2 31. Ra3 Rb7 32. a5 R2xb3 33. Ra4 R3b4 34. Ra3 Ra7 35. Nd5 Rb5 36. Nf6+ Kg7 37. Ne8+ Kf8 38. Nf6 h5 39. a6 Rb8 40.
g4 hxg4 41. hxg4 Rba8 42. Rh3 Rxa6 43. g5 Ra1+ 44. Kg2 R8a5 45. Rh8+ Ke7 46. Re8+ Kd6 47. f4 R1a3 48. Rd8+ Ke6 49. Re8+ Kf5 50. Re4 Rb3 51. Rc4 Ra2+ 0-1

[Event "*** Titled Tuesday 3|2 Blitz"]
[Site "Chess.com"]
[Date "2016.08.02"]
[Round "4"]
[White "WanderingPuppet"]
[Black "Pudor"]
[Result "0-1"]
[WhiteElo "2272"]
[BlackElo "2302"]
[TimeControl "180+2"]
[EndTime "11:49:47 PDT"]
[Termination "Pudor won on time"]

1. e4 c5 2. Nf3 Nc6 3. Bb5 Qb6 4. Nc3 e6 5. Bxc6 Qxc6 6. d4 cxd4 7. Nxd4 Qc7 8. O-O a6 9. f4 d6 10. f5 Nf6 11.
fxe6 fxe6 12. Rxf6 gxf6 13. Qf3 Bg7 14. Be3 O-O 15.
Rd1 Bd7 16. Qg3 Kh8 17. Nf3 Bc6 18. Rxd6 Rae8 19. Nd4 Bd7 20. Nf3 b5 21. Bb6 Qc8 22.
Rd2 Bc6 23. Nd4 b4 24. Nce2 Bxe4 25. Qe3 Bd5 26. Nb3 Rg8 27. Nf4 Bh6 28. Qd4 Ref8 29.
Nxd5 Bxd2 30. Nxf6 Rg7 31. Nxd2 e5 32. Qxe5 Qxc2 33.
Nh5 Qd1+ 0-1

[Event "*** Titled Tuesday 3|2 Blitz"]
[Site "Chess.com"]
[Date "2016.08.02"]
[Round "4"]
[White "Haridaskesavan"]
[Black "usbista"]
[Result "1-0"]
[WhiteElo "2115"]
[BlackElo "2007"]
[TimeControl "180+2"]
[EndTime "11:49:48 PDT"]
[Termination "Haridaskesavan won by resignation"]

1. e4 c5 2. c3 d5 3. exd5 Qxd5 4. d4 Nc6 5. Nf3 Bf5 6. Be2 cxd4 7. cxd4 e5 8. dxe5 Qxd1+ 9. Bxd1 Bb4+ 10. Nc3 O-O-O 11. O-O Nge7 12. Be3 Ng6 13. Rc1 Kb8 14. Re1 Rhe8 15. Bg5 Bxc3 16. bxc3 Rd5 17. Bb3 Rd7 18. Ba4 h6 19.
Bxc6 bxc6 20. Be3 Bg4 21. Nd4 Nxe5 22. Bf4 f6 23. Nxc6+ Kb7 24. Nxe5 fxe5 25. Rxe5 Rxe5 26. Bxe5 g6 27. f3 Bf5 28. Bd4 Re7 29. Kf2 Bd3 30.
Re1 Rd7 31. Re6 Bc4 32. Rxg6 Bxa2 33. Rxh6 Re7 34. h4 a5 35. Rb6+ Kc7 36. Ra6 Bc4 37. Rxa5 1-0

[Event "*** Titled Tuesday 3|2 Blitz"]
[Site "Chess.com"]
[Date "2016.08.02"]
[Round "4"]
[White "Astaneh"]
[Black "Yaacovn"]
[Result "0-1"]
[WhiteElo "2486"]
[BlackElo "2628"]
[TimeControl "180+2"]
[EndTime "11:49:55 PDT"]
[Termination "Yaacovn won on time"]

1. d4 Nf6 2. Nf3 e6 3. c4 Bb4+ 4. Nbd2 d5 5. e3 O-O 6. a3 Be7 7. b4 Ne4 8. Bb2 f5 9. g3 c6 10. Bg2 Nd7 11. O-O Bd6 12. Qc2 Qf6 13. Ne1 Qh6 14.
Nd3 Ndf6 15. Ne5 Bxe5 16. dxe5 Ng4 17. Nf3 Ng5 18. h4 Ne4 19. Bd4 Bd7 20. Qe2 b6 21. cxd5 cxd5 22. Rac1 a6 23. Bxb6 Bb5 24. Qb2 Bxf1 25.
Rxf1 Rfc8 26. Ne1 Nc3 27. Bd4 Nb5 28. Bc5 Rab8 29. Nd3 a5 30. Rd1 g5 31. hxg5 Qxg5 32.
Nf4 Qh6 33. Nxe6 Nxa3 34. Qxa3 axb4 35. Qa7 b3 36. Nf4 b2 0-1

[Event "*** Titled Tuesday 3|2 Blitz"]
[Site "Chess.com"]
[Date "2016.08.02"]
[Round "4"]
[White "alturas_pacificas"]
[Black "simonachess"]
[Result "0-1"]
[WhiteElo "2141"]
[BlackElo "2128"]
[TimeControl "180+2"]
[EndTime "11:49:55 PDT"]
[Termination "simonachess won by resignation"]

1. d4 Nf6 2. Bf4 d6 3. e3 g6 4. Be2 Bg7 5. Nf3 Nh5 6. Bg5 h6 7.
Bh4 g5 8. Nfd2 gxh4 9. Bxh5 c5 10. c3 Nc6 11. h3 O-O 12. O-O cxd4 13. cxd4 e5 14. d5 Ne7 15. Nc3 Bf5 16. e4 Bg6 17. Rc1 Qd7 18. Bg4 Qd8 19. Nc4 Kh7 20. Qe2 f5 21.
exf5 Nxf5 22. Nb5 Nd4 23. Nxd4 exd4 24. Rfe1 d3 25. Qe7 b5 26. Nxd6 d2 27. Rcd1 dxe1=Q+ 28. Rxe1 Qxe7 29. Rxe7 Rad8 30. Bd7 Kh8 31. Nb7 Bf6 32. Nxd8 Bxe7 33. Ne6 Rb8 34. Nf4 Kg7 35. Ne6+ Kh7 36.
Nd4 Bc5 37. Nc6 Rf8 38. Bg4 0-1

[Event "*** Titled Tuesday 3|2 Blitz"]
[Site "Chess.com"]
[Date "2016.08.02"]
[Round "4"]
[White "MMSANCHEZ"]
[Black "danir29"]
[Result "1-0"]
[WhiteElo "2298"]
[BlackElo "2444"]
[TimeControl "180+2"]
[EndTime "11:49:55 PDT"]
[Termination "MMSANCHEZ won by checkmate"]

1. d4 Nf6 2. Nf3 e6 3. e3 b6 4. Bd3 Bb7 5. O-O d5 6. c4 Bd6 7.
Nc3 O-O 8. b3 a6 9. Bb2 Nbd7 10.
Qe2 Qe7 11. e4 dxe4 12. Nxe4 Nxe4 13. Bxe4 Bxe4 14. Qxe4 Nf6 15. Qc2 Ba3 16. Rfe1 Bxb2 17. Qxb2 Qd6 18. Rad1 Rfd8 19. h3 a5 20. Re2 a4 21.
Ne5 axb3 22. axb3 Ra5 23. c5 Qd5 24. Nc4 Rb5 25. cxb6 cxb6 26. Qa3 Ra8 27. Qe7 Qd8 28. Rxe6 fxe6 29. Qxe6+ Kh8 30. Nd6 Qd7 31. Qxd7 Nxd7 32. Nxb5 Kg8 33. Rc1 Kf7 34. Rc7 Ke6 35. d5+ Ke7 36.
Rc6 Ra1+ 37. Kh2 Rb1 38. Nd4 Rd1 39. Nf5+ Kf7 40. Ne3 Rd3 41. Rd6 Ke7 42. Nc4 Rxb3 43. Re6+ Kd8 44. d6 b5 45. Ne3 Rd3 46. Nf5 b4 47. Nxg7 b3 48. Re8# 1-0

[Event "*** Titled Tuesday 3|2 Blitz"]
[Site "Chess.com"]
[Date "2016.08.02"]
[Round "4"]
[White "Dr-Bassem"]
[Black "MinhGTrAn"]
[Result "0-1"]
[WhiteElo "2620"]
[BlackElo "2601"]
[TimeControl "180+2"]
[EndTime "11:49:57 PDT"]
[Termination "MinhGTrAn won by resignation"]

1. e4 c5 2. Nf3 d6 3. g3 Nf6 4.
d3 g6 5. Bg2 Bg7 6. O-O O-O 7.
c3 Bg4 8. h3 Bxf3 9. Qxf3 Nc6 10. Be3 Nd7 11. Rd1 Qb6 12. Qe2 Rac8 13. Na3 a6 14. h4 h5 15. Bh3 Rc7 16. Nc4 Qa7 17.
a4 Nb6 18. Nd2 e6 19. Bf4 Rd7 20. a5 Nc8 21. Nc4 Rfd8 22. Bg5 Re8 23. Qf3 b5 24. axb6 Nxb6 25. Bf6 Nxc4 26. Bxg7 Kxg7 27. dxc4 Rb8 28.
Rd2 Rb6 29. Rad1 Qb8 30. Qe2 a5 31. f4 Rdb7 32. Rxd6 Nd4 33. cxd4 Qxd6 34. e5 Qb8 35. d5 Rxb2 36. Qe4 R7b3 37. Rd3 Rxd3 38. Qxd3 Rb3 39.
Qc2 Rxg3+ 40. Kh2 Qb3 41. Qxb3 Rxb3 42. dxe6 Rxh3+ 43. Kxh3 fxe6 44. Kg3 a4 0-1

[Event "*** Titled Tuesday 3|2 Blitz"]
[Site "Chess.com"]
[Date "2016.08.02"]
[Round "4"]
[White "pedromartinez91"]
[Black "ChessWarrior7197"]
[Result "1-0"]
[WhiteElo "2289"]
[BlackElo "2461"]
[TimeControl "180+2"]
[EndTime "11:49:58 PDT"]
[Termination "pedromartinez91 won by resignation"]

1. Nf3 Nf6 2. g3 e6 3. Bg2 d5 4. O-O Be7 5. c4 O-O 6. d4 c6 7. Qc2 b6 8. Rd1 Bb7 9. Ne5 Nbd7 10. cxd5 cxd5 11. Nc6 Bxc6 12. Qxc6 Rc8 13. Qb5 Ne8 14.
Nc3 Nd6 15. Qa6 Qc7 16. Bf4 Qb7 17. Qxb7 Nxb7 18. Rac1 Bd6 19. Bd2 a6 20. e4 dxe4 21. Nxe4 Be7 22. Bf4 Na5 23. Bc7 f5 24. Nd6 Bxd6 25.
Bxd6 Rfd8 26. d5 e5 27. Bc7 Re8 28. Bf1 Ra8 29. d6 e4 30. b4 Nb7 31. Bc4+ Kf8 32.
Bd5 Ra7 33. Bc6 Ne5 34. d7 Re7 35. Bd6 Nxc6 36. Rxc6 Nd8 37. Bxe7+ Kxe7 38. Rxb6 a5 39. b5 Rc7 40. Ra6 Rc5 41. Rxa5 g5 42. a4 f4 43. Ra8 e3 44. fxe3 fxe3 45. Re1 Kxd7 46. Rxe3 Ne6 47. Ra7+ Rc7 48. Rxc7+ Nxc7 49. b6 Nd5 50.
Rd3 Kc6 51. Rxd5 Kxd5 52. b7 Ke4 53. b8=Q Kf5 54. Qb5+ Kg6 55. g4 Kg7 56. Qxg5+ Kf7 57. Qf5+ Ke7 58. Qxh7+ Kd6 59. Qe4 Kc5 60. Kf2 Kb6 61.
Ke3 Kc5 62. Kd3 Kb6 63. Kc4 Ka5 64. Qd5+ Ka6 65. Qb5+ Ka7 66. Kc5 1-0

[Event "*** Titled Tuesday 3|2 Blitz"]
[Site "Chess.com"]
[Date "2016.08.02"]
[Round "4"]
[White "Journey_to_GrandMaster_YT"]
[Black "profofchess"]
[Result "1/2-1/2"]
[WhiteElo "2438"]
[BlackElo "2306"]
[TimeControl "180+2"]
[EndTime "11:50:03 PDT"]
[Termination "Game drawn by agreement"]

1. d4 Nf6 2. Nf3 c5 3. e3 g6 4. Be2 b6 5. O-O Bg7 6. Nbd2 O-O 7. b3 Bb7 8. Bb2 Nc6 9. c4 cxd4 10. exd4 d5 11.
Rc1 Rc8 12. Re1 e6 13. c5 bxc5 14. dxc5 Qa5 15. a3 a6 16. b4 Qc7 17. Nb3 e5 18. a4 e4 19. b5 exf3 20. Bxf3 axb5 21. axb5 Ne7 22. Be5 Qd8 23. c6 Bxc6 24. bxc6 Nxc6 25. Bxf6 Qxf6 26. Qxd5 Nd4 27. Nxd4 Qxd4 28. Qb7 Rxc1 29. Rxc1 Qb2 30. Qxb2 Bxb2 31. Rc7 Be5 32. Re7 Bf6 33. Rb7 Re8 34. Kf1 Re7 35. Rb8+ Kg7 36. Bd5 h5 37. g3 Rd7 38. Bc4 Rc7 39. Bb3 Re7 40. f4 Bd4 41. Rd8 Ba7 42. Bc4 Rc7 43. Bb3 Re7 44.
Ra8 Bd4 45. Bc4 Bc5 46. Rc8 Bb6 47. h3 Rc7 48. Rxc7 Bxc7 49. Kg2 h4 50. Kf3 hxg3 51. Kxg3 g5 52. Kg4 gxf4 53. Bd5 1/2-1/2

[Event "*** Titled Tuesday 3|2 Blitz"]
[Site "Chess.com"]
[Date "2016.08.02"]
[Round "4"]
[White "Semetey"]
[Black "FairChess_on_YouTube"]
[Result "0-1"]
[WhiteElo "2431"]
[BlackElo "2708"]
[TimeControl "180+2"]
[EndTime "11:50:04 PDT"]
[Termination "FairChess_on_YouTube won by checkmate"]

1. d4 d5 2. Bf4 Nf6 3. e3 c5 4.
c3 Nc6 5. Nd2 g6 6. Ngf3 Bg7 7.
dxc5 O-O 8. Be2 a5 9. a4 Nh5 10. Bg3 Bf5 11. Nd4 Nxg3 12. hxg3 Bd7 13. N2f3 e5 14.
Nxc6 bxc6 15. b4 f5 16. O-O f4 17. gxf4 exf4 18. Nd4 fxe3 19. fxe3 Qg5 20. Qd2 axb4 21.
cxb4 Bh6 22. Rxf8+ Rxf8 23. Ra3 Qg3 24. Bf3 Bg7 25.
Qf2 Qg5 26. Rc3 Be5 27. b5 Bg3 28. Qd2 Qh4 29. bxc6 Qh2+ 30. Kf1 Bh3 31. Rc2 Qh1+ 32.
Ke2 Rxf3 33. Nxf3 Qxg2+ 34. Kd3 Qxf3 35. Kc3 Be5+ 36. Kb3 d4 37. Qd3 Bf5 38. Qc4+ Kg7 39.
Ka2 Bxc2 40. exd4 Bd3 41. Qc3 Qd5+ 42. Ka3 Bxd4 43. Qxd3 Bxc5+ 44. Kb2 Qxd3 45. c7 Bd4+ 46. Kc1 Qc4+ 47. Kd1 Qxc7 48. a5 Qh2 49. a6 Bc3 50. a7 Qd2# 0-1

[Event "*** Titled Tuesday 3|2 Blitz"]
[Site "Chess.com"]
[Date "2016.08.02"]
[Round "4"]
[White "ruifeng"]
[Black "Balandel"]
[Result "0-1"]
[WhiteElo "2308"]
[BlackElo "2332"]
[TimeControl "180+2"]
[EndTime "11:50:06 PDT"]
[Termination "Balandel won by resignation"]

1. b3 e5 2. Bb2 d6 3. e3 Be6 4. d4 exd4 5. Qxd4 Nf6 6. Nc3 Nc6 7.
Qd2 Be7 8. O-O-O O-O 9. g4 Bxg4 10. Be2 Bf5 11. Nf3 Ne5 12. Nd4 Bg6 13. f4 Neg4 14. Bf3 c5 15. Ndb5 a6 16. Na3 b5 17. h3 Nh6 18. Nd5 Ne4 19. Qg2 f5 20. Bxe4 fxe4 21.
h4 Bxh4 22. Qh3 Be7 23. Qe6+ Rf7 24. Rdg1 Nf5 25. Rxg6 hxg6 26. Qxg6 Bh4 27. Nb1 Qe8 28. Nd2 Rf8 29. Qg4 Qf7 30. c4 bxc4 31. bxc4 Rab8 32.
Nxe4 Rxb2 33. Kxb2 Qb7+ 34. Kc2 Nxe3+ 35. Nxe3 Qxe4+ 36. Kd2 Qxh1 37. Qe6+ Kh8 38. Qg6 Bf6 39. Nf5 Rb8 40. Nxd6 Rb2+ 41. Ke3 Bd4+ 0-1

[Event "*** Titled Tuesday 3|2 Blitz"]
[Site "Chess.com"]
[Date "2016.08.02"]
[Round "4"]
[White "GianmarcoVaR"]
[Black "ajkom197"]
[Result "1-0"]
[WhiteElo "2454"]
[BlackElo "2199"]
[TimeControl "180+2"]
[EndTime "11:50:07 PDT"]
[Termination "GianmarcoVaR won by checkmate"]

1. Nf3 d5 2. d4 Nf6 3. c4 c6 4. e3 Bf5 5. Nc3 e6 6. Nh4 Be4 7. f3 Bg6 8. Qb3 Qb6 9. Nxg6 hxg6 10. g3 Bd6 11. Kf2 Nbd7 12. Kg2 Qxb3 13. axb3 O-O 14. Bd3 e5 15. Bd2 Rfe8 16. Rhe1 e4 17. fxe4 Nxe4 18.
Nxe4 dxe4 19. Be2 a6 20. g4 g5 21. Rf1 g6 22. b4 Bf8 23. b5 axb5 24. cxb5 c5 25. Rxa8 Rxa8 26. Bc4 cxd4 27. exd4 Rc8 28. Bxf7+ Kg7 29. Bb3 Nf6 30. Bxg5 Be7 31. h3 Rd8 32. Rc1 Rd7 33. Be6 Rd6 34. Bxf6+ Bxf6 35. d5 b6 36. Rc6 Be5 37. g5 Bf4 38. h4 Kf8 39. Rc8+ Ke7 40. Rc7+ Kf8 41. Rf7+ Ke8 42. Rxf4 Rd8 43. Rxe4 Kf8 44.
Rf4+ Kg7 45. Rf7+ Kh8 46. Rc7 Rf8 47. d6 Re8 48. Re7 Rd8 49. d7 Rf8 50. Re8 Kh7 51. d8=Q Kg7 52. Rxf8 Kh7 53. Qe7# 1-0

[Event "*** Titled Tuesday 3|2 Blitz"]
[Site "Chess.com"]
[Date "2016.08.02"]
[Round "4"]
[White "Carolina-moon"]
[Black "Alliswell998"]
[Result "0-1"]
[WhiteElo "2032"]
[BlackElo "2205"]
[TimeControl "180+2"]
[EndTime "11:50:07 PDT"]
[Termination "Alliswell998 won on time"]

1. e4 c5 2. Nc3 a6 3. g3 b5 4. Bg2 Bb7 5. d3 g6 6. Nh3 Bg7 7. O-O e6 8. f4 Ne7 9. Be3 d6 10.
Qd2 Nbc6 11. Rae1 O-O 12. g4 Nd4 13. f5 Nec6 14. Bg5 f6 15. Bh6 e5 16. Bxg7 Kxg7 17. Nd5 Ne7 18. g5 Bxd5 19. exd5 Ndxf5 20. gxf6+ Rxf6 21. Ng5 Kg8 22. Ne4 Rf8 23. c4 bxc4 24. dxc4 h6 25. b3 Qd7 26. Bh3 Kg7 27. Kh1 Rf7 28. Rg1 Rg8 29. Qg2 Kh7 30. Ref1 Rgg7 31. Qg4 Qd8 32. Qg2 Ne3 33. Rxf7 Nxg2 34. Rxg7+ Kxg7 35. Rxg2 Qa5 36. Nxd6 Qe1+ 37. Rg1 Qe3 38. Be6 Qf3+ 39. Rg2 e4 40. Kg1 e3 41. Bg4 e2 0-1

[Event "*** Titled Tuesday 3|2 Blitz"]
[Site "Chess.com"]
[Date "2016.08.02"]
[Round "4"]
[White "Saitama_Hero"]
[Black "Gabrielian_Artur"]
[Result "0-1"]
[WhiteElo "2198"]
[BlackElo "2556"]
[TimeControl "180+2"]
[EndTime "11:50:14 PDT"]
[Termination "Gabrielian_Artur won on time"]

1. d4 Nf6 2. c4 c5 3. d5 e6 4.
Nc3 exd5 5. cxd5 d6 6. e4 g6 7.
f4 Bg7 8. Bb5+ Nfd7 9. a4 Qh4+ 10. g3 Qe7 11. Nf3 O-O 12. O-O a6 13. Bc4 Nb6 14.
Ba2 Bh3 15. Re1 Bg4 16. e5 N8d7 17. a5 Nc8 18. Ne4 dxe5 19. h3 Bxf3 20. Qxf3 Nd6 21. Be3 Nxe4 22. Qxe4 Qd6 23. Rac1 Rfe8 24. f5 Nf6 25.
Qc2 Rac8 26. Bxc5 Qd8 27. fxg6 hxg6 28. d6 Qxa5 29. b4 Qd8 30. Qxg6 Rf8 31. Rf1 Rc6 32.
Rf5 Rxd6 33. Bxd6 Qxd6 34. Rcf1 Kh8 35. Rxf6 Qd4+ 36. Kh2 fxg6 37. Rxf8+ Bxf8 38. Rxf8+ Kg7 39. Rf7+ Kh6 40. Kg2 Qb2+ 41. Rf2 Qxb4 42. Bf7 Qe4+ 43. Kh2 a5 44. h4 a4 45. Rf6 a3 46. Rxg6+ Qxg6 47. Bxg6 Kxg6 0-1

[Event "*** Titled Tuesday 3|2 Blitz"]
[Site "Chess.com"]
[Date "2016.08.02"]
[Round "4"]
[White "workhard91"]
[Black "GeorgMeier"]
[Result "0-1"]
[WhiteElo "2374"]
[BlackElo "2702"]
[TimeControl "180+2"]
[EndTime "11:50:22 PDT"]
[Termination "GeorgMeier won by checkmate"]

1. d4 e6 2. c4 Nf6 3. Nc3 Bb4 4.
e3 O-O 5. Ne2 d5 6. a3 Bd6 7.
Ng3 c5 8. dxc5 Bxc5 9. b4 Be7 10.
cxd5 exd5 11. Bb2 Nc6 12. Bd3 Bg4 13. Nce2 Rc8 14. f3 Be6 15. Kf2 Bd6 16. Nd4 Ne5 17. Ndf5 Bb8 18. Re1 g6 19. Nd4 Nc4 20. Rb1 Nxb2 21.
Rxb2 Qe7 22. Qd2 h5 23. Rc1 h4 24. Nf1 Bd7 25. Rbc2 Rxc2 26. Rxc2 a6 27. Rc3 Re8 28. Bc2 Kg7 29. Bb3 Be5 30. Rd3 Qd6 31. Kg1 Qb6 32.
f4 Bb8 33. Nf3 Bxf4 34. Bxd5 Bf5 35. Rd4 Bh6 36. Qc3 Kg8 37. Qc5 Qxc5 38. bxc5 Nxd5 39.
Rxd5 h3 40. Nd4 Be4 41. Rd7 hxg2 42. Ng3 Bxe3# 0-1

[Event "*** Titled Tuesday 3|2 Blitz"]
[Site "Chess.com"]
[Date "2016.08.02"]
[Round "4"]
[White "ftorodent"]
[Black "Sanan_Sjugirov"]
[Result "1-0"]
[WhiteElo "2466"]
[BlackElo "2666"]
[TimeControl "180+2"]
[EndTime "11:50:26 PDT"]
[Termination "ftorodent won by resignation"]

1. d4 Nf6 2. c4 g6 3. Nc3 d5 4. cxd5 Nxd5 5. e4 Nxc3 6. bxc3 Bg7 7. Be3 c5 8. Nf3 Qa5 9. Nd2 Qc7 10. Rc1 O-O 11. Be2 Nd7 12. O-O e5 13. d5 b6 14.
a4 Bb7 15. a5 Nf6 16. Rb1 Rab8 17. Qc2 Ne8 18. axb6 axb6 19. Rb2 Nd6 20. Rfb1 Bc8 21. Nc4 Nxc4 22. Bxc4 Bd7 23. Bb5 Bxb5 24. Rxb5 Rfc8 25. c4 Bf6 26. Qb3 Bd8 27. Bxc5 Kg7 28. Qb2 Ra8 29. Bxb6 Qxc4 30. Bxd8 Rxd8 31. Qxe5+ Kg8 32. Rb7 Rf8 33. h4 Rae8 34. Re7 Rxe7 35. Qxe7 Qc2 36. Re1 Qd2 37.
Re3 Qd1+ 38. Kh2 Qd4 39. Rf3 Qc4 40. d6 Qc5 41. e5 1-0

[Event "*** Titled Tuesday 3|2 Blitz"]
[Site "Chess.com"]
[Date "2016.08.02"]
[Round "4"]
[White "Quiet_Desperation"]
[Black "brauliocuarta"]
[Result "1/2-1/2"]
[WhiteElo "2131"]
[BlackElo "2036"]
[TimeControl "180+2"]
[EndTime "11:50:26 PDT"]
[Termination "Game drawn - insufficient material"]

1. e4 c5 2. Nf3 e6 3. d4 cxd4 4. Nxd4 a6 5. Nc3 Qc7 6. Bd3 Nf6 7. Be3 Nc6 8. Nb3 b5 9. a3 Bb7 10. O-O Ne5 11. h3 d6 12. f4 Nc4 13. Bxc4 bxc4 14.
Nd2 d5 15. e5 Nd7 16. Nf3 Bc5 17. Bd4 O-O 18. Qd2 Rab8 19. Rab1 Bc6 20. Qf2 Qa7 21. Rfd1 Bxd4 22. Nxd4 Ba8 23. Qe3 Rb7 24. Rf1 Qb8 25.
f5 Qxe5 26. Qxe5 Nxe5 27. fxe6 fxe6 28. Rxf8+ Kxf8 29. Nxe6+ Ke7 30. Nc5 Rb6 31. Re1 Kd6 32. Rxe5 Kxc5 33. Re7 Rb8 34. Na4+ Kd6 35. Rxg7 d4 36.
Rg3 Bc6 37. b3 d3 38. Nb2 dxc2 39. Nxc4+ Kc5 40. Rc3 Be4 41. Nd2+ Kd4 42. Nxe4 Rxb3 43.
Rxc2 Kxe4 44. Ra2 Kf4 45. a4 Kg3 46. Kf1 a5 47. Ke1 h5 48. Kd1 Rb1+ 49. Kc2 Rg1 50.
Kc3 Rxg2 51. Ra3 Kxh3 52. Kc4+ Kg4 53. Kb5 h4 54. Kxa5 h3 55. Ra1 h2 56. Rh1 Kg3 57.
Kb6 Ra2 58. a5 Kg2 59. Rb1 h1=Q 60. Rxh1 Kxh1 61. a6 Kg2 62. a7 Kf3 63. Kb7 Kf4 64. a8=Q Rxa8 65. Kxa8 1/2-1/2

[Event "*** Titled Tuesday 3|2 Blitz"]
[Site "Chess.com"]
[Date "2016.08.02"]
[Round "4"]
[White "platy3"]
[Black "chipmunknau"]
[Result "1-0"]
[WhiteElo "2691"]
[BlackElo "2434"]
[TimeControl "180+2"]
[EndTime "11:50:28 PDT"]
[Termination "platy3 won by resignation"]

1. e4 c6 2. Nf3 d5 3. Nc3 Bg4 4. h3 Bxf3 5. Qxf3 e6 6. d3 Nf6 7.
Bd2 Bb4 8. a3 Ba5 9. O-O-O b5 10.
Qg3 O-O 11. Bg5 Bxc3 12. bxc3 Nh5 13. Qg4 Nf6 14. Qg3 Nh5 15. Qh4 f6 16. Be3 g6 17.
g4 Ng7 18. f4 Nd7 19. f5 exf5 20. gxf5 g5 21. Qg3 Qa5 22. Qd6 Rad8 23. Qb4 Qc7 24.
h4 a5 25. Qb3 a4 26. Qb4 g4 27. exd5 cxd5 28. Bg2 Ne5 29. Rhf1 Kh8 30. Bf4 Qc6 31. Kb2 Rfe8 32. Rde1 Rc8 33. Bxe5 Rxe5 34. Rxe5 fxe5 35. f6 Ne6 36. f7 Nf8 37. h5 Qd7 38. h6 Qc6 39. Kb1 Qxh6 40. Qxg4 Ne6 41. Bxd5 1-0

[Event "*** Titled Tuesday 3|2 Blitz"]
[Site "Chess.com"]
[Date "2016.08.02"]
[Round "4"]
[White "ChadaevNikolay"]
[Black "Nadtkins"]
[Result "1-0"]
[WhiteElo "2527"]
[BlackElo "2451"]
[TimeControl "180+2"]
[EndTime "11:50:31 PDT"]
[Termination "ChadaevNikolay won by resignation"]

1. e4 d5 2. exd5 Qxd5 3. Nc3 Qa5 4. d4 c6 5. Nf3 Bf5 6. Bd3 e6 7. O-O Nf6 8. Bxf5 Qxf5 9. Ne5 h5 10. Re1 Nbd7 11.
h3 Bb4 12. Bd2 Bxc3 13. Bxc3 Rd8 14. Nxd7 Rxd7 15. Re5 Qg6 16. Qe2 O-O 17. Re1 Rfd8 18. b3 Rd5 19. Bb2 Rxe5 20. dxe5 Nd5 21. Rd1 Kh7 22.
Rd4 Rd7 23. Rh4 Kg8 24. a3 b5 25. Rd4 Qg5 26. g3 Nb6 27. Kg2 Rd5 28. Rxd5 Nxd5 29. Kh2 h4 30. c4 hxg3+ 31. fxg3 bxc4 32. bxc4 Ne7 33. Bd4 Nf5 34. Bf2 a5 35. a4 Qc1 36.
g4 Qf4+ 37. Kg2 Nd4 38. Qe3 Qxe3 39. Bxe3 Nb3 40. Kf3 f6 41. Ke4 Kf7 42. exf6 gxf6 43. Kd3 f5 44. gxf5 exf5 45. Kc3 f4 46. Bf2 Nc1 47.
Kd2 Nb3+ 48. Kc2 1-0

[Event "*** Titled Tuesday 3|2 Blitz"]
[Site "Chess.com"]
[Date "2016.08.02"]
[Round "4"]
[White "AdamHunt1"]
[Black "Alexander_Donchenko"]
[Result "1-0"]
[WhiteElo "2399"]
[BlackElo "2514"]
[TimeControl "180+2"]
[EndTime "11:50:42 PDT"]
[Termination "AdamHunt1 won by resignation"]

1. e4 c5 2. Nf3 d6 3. d4 cxd4 4. Nxd4 Nf6 5. Nc3 a6 6. Bg5 Nbd7 7. Bc4 Qb6 8. Bb3 e6 9. Qd2 Be7 10. O-O-O Nc5 11. Rhe1 h6 12. Be3 Nfxe4 13. Nxe4 Nxe4 14. Ba4+ Bd7 15. Bxd7+ Kxd7 16. Qe2 Nc5 17. Qg4 Bf6 18. Nb3 Ke7 19. Kb1 Rhd8 20. Bd4 Bxd4 21. Nxd4 Kf8 22. Re3 Rac8 23. Rg3 g6 24. Qf4 Kg7 25. Rh3 Rh8 26. Rf3 Rhf8 27. Nb3 Rcd8 28. Qf6+ Kg8 29. Nd2 Nd7 30. Qh4 Kg7 31. Ne4 d5 32. Nf6 Nxf6 33. Qxf6+ Kh7 34. Rd4 Qb5 35. Rdd3 Qb4 36. a3 Qg4 37. Rd4 Qxg2 38. Rh4 h5 39. Rfh3 Kg8 40. Rg3 Qf1+ 41. Ka2 Qe2 42. f3 Kh7 43. Rxh5+ 1-0